[Event "*** Titled Tuesday Blitz"]
[Site "Chess.com"]
[Date "2021.03.16"]
[Round "1"]
[White "Slovak_fighter2000"]
[Black "Anton_Demchenko"]
[Result "1-0"]
[WhiteElo "2487"]
[BlackElo "2883"]
[TimeControl "180+1"]
[EndTime "10:08:10 PDT"]
[Termination "Slovak_fighter2000 won by resignation"]

1. d4 Nf6 2. Nf3 g6 3. c4 Bg7 4. Nc3 O-O 5. e4 d6 6. Be2 e5 7.
Be3 Nbd7 8. d5 Ng4 9. Bg5 f6 10.
Bh4 Nh6 11. O-O Nf7 12. Nd2 h5 13. f3 Bh6 14. Bf2 f5 15. b4 Nf6 16. c5 f4 17. Nc4 g5 18. cxd6 cxd6 19. Nb5 b6 20.
a4 Ba6 21. Nba3 g4 22. b5 Bc8 23. Nc2 gxf3 24. Bxf3 Bg4 25. Qd3 Qd7 26. Kh1 Kh7 27.
Nb4 Bxf3 28. gxf3 Qh3 29. Rg1 Ng5 30. Nd2 Rg8 31. Qf1 Qd7 32. Nc6 Nh3 33. Rxg8 Rxg8 34. a5 Ng4 35. fxg4 Qxg4 36. axb6 axb6 37. Bxb6 f3 38.
Qxf3 Bxd2 39. Qxg4 Rxg4 40. Bg1 Nxg1 41. Rxg1 Rxe4 42.
Rb1 Re2 43. b6 Bf4 44. b7 Rxh2+ 45. Kg1 Rd2 46. b8=Q Be3+ 47. Kh1 Kg6 48. Qc7 Kf5 49. Qxd6 Ke4 50. Qg6+ Kf3 51. Qf5+ Kg3 52. Qxh5 Bf4 53. Rg1+ Kf2 54. Rg2+ Ke1 55. Rxd2 Kxd2 56. Qf5 1-0

[Event "*** Titled Tuesday Blitz"]
[Site "Chess.com"]
[Date "2021.03.16"]
[Round "1"]
[White "Joker_Gumble"]
[Black "Evandro_Barbosa"]
[Result "1/2-1/2"]
[WhiteElo "2338"]
[BlackElo "2630"]
[TimeControl "180+1"]
[EndTime "10:08:13 PDT"]
[Termination "Game drawn - insufficient material"]

1. d4 Nf6 2. c4 e6 3. Nf3 c5 4. d5 exd5 5. cxd5 d6 6. Nc3 g6 7. e4 a6 8. a4 Bg4 9. Be2 Bxf3 10.
Bxf3 Bg7 11. O-O O-O 12. g4 Nbd7 13. g5 Ne8 14. Bg2 Rb8 15. a5 Nc7 16. f4 b5 17.
axb6 Rxb6 18. e5 dxe5 19. f5 Re8 20. d6 Nb5 21. Nxb5 axb5 22. fxg6 hxg6 23. Bd5 Rf8 24.
Qf3 Qe8 25. Ra8 Rb8 26. Rxb8 Nxb8 27. Qg4 Qd7 28. Qf3 c4 29. Be3 e4 30. Qxe4 Qxd6 31.
Rxf7 Rxf7 32. Qe8+ Qf8 33. Bxf7+ Kh8 34. Qxf8+ Bxf8 35. Bxg6 Bg7 36. Be8 b4 37. h4 b3 38.
Bc1 Na6 39. h5 Bd4+ 40. Kg2 Nc5 41. g6 Nd3 42. Bg5 Nxb2 43. Bf7 Nd3 44. Bxc4 b2 45. Ba2 Nc1 46. Bb1 Ne2 47. h6 Nc3 48. g7+ Bxg7 49.
hxg7+ Kg8 50. Bc2 b1=Q 51. Bxb1 Nxb1 52. Bh6 Nc3 53. Kh3 Nd5 54. Kh4 Nf6 55. Kg5 Ne8 56. Kg6 Nxg7 1/2-1/2

[Event "*** Titled Tuesday Blitz"]
[Site "Chess.com"]
[Date "2021.03.16"]
[Round "1"]
[White "The_Machine04"]
[Black "Reader777"]
[Result "1-0"]
[WhiteElo "2416"]
[BlackElo "2732"]
[TimeControl "180+1"]
[EndTime "10:08:20 PDT"]
[Termination "The_Machine04 won by resignation"]

1. d4 Nf6 2. Bg5 d5 3. e3 e6 4.
Nd2 Be7 5. Bd3 O-O 6. c3 b6 7.
f4 Ba6 8. Bc2 Nbd7 9. Ngf3 h6 10. Bxf6 Nxf6 11. Ne5 c5 12. Qf3 Nd7 13. Qh5 Nxe5 14.
fxe5 Bg5 15. Qh3 Qe7 16. O-O-O f6 17. Kb1 fxe5 18. dxe5 b5 19. e4 Bxd2 20. Rxd2 Bb7 21. exd5 Bxd5 22. Qd3 Qg5 23. Re1 c4 24. Qh7+ Kf7 25.
Rd4 Rh8 26. Rf1+ Ke7 27. Qg6 Qxg6 28. Bxg6 Rhf8 29. Rdf4 Rxf4 30. Rxf4 Rf8 31. Rxf8 Kxf8 32. g3 Ke7 33. Kc1 Kd7 34. Kd2 Kc6 35. Ke3 Kc5 36. a3 a5 37. h4 Bc6 38. Kf4 Bd7 39.
Ke4 b4 40. axb4+ axb4 41. g4 bxc3 42. bxc3 Bc6+ 43. Kf4 Kb5 44. Bf7 Bd7 45. g5 Ka4 46.
Ke3 Kb3 47. Kd4 Bc8 48. gxh6 gxh6 49. Be8 Kc2 50. Kxc4 Kd2 51. Kd4 Ke2 52. c4 Kf3 53. c5 Kg4 54. h5 Kg5 55. c6 Kg4 56. Kc5 Kf5 57. Kd6 Ba6 58. c7 1-0

[Event "*** Titled Tuesday Blitz"]
[Site "Chess.com"]
[Date "2021.03.16"]
[Round "1"]
[White "davigator"]
[Black "RobertoJBM"]
[Result "0-1"]
[WhiteElo "2404"]
[BlackElo "2757"]
[TimeControl "180+1"]
[EndTime "10:08:22 PDT"]
[Termination "RobertoJBM won by resignation"]

1. e4 c6 2. d4 d5 3. e5 Bf5 4. h4 Qb6 5. Nc3 h6 6. g4 Bd7 7. h5 e6 8. Na4 Qc7 9. Nf3 c5 10. Nxc5 Bxc5 11. dxc5 Qxc5 12. Be3 Qa5+ 13. c3 Nc6 14.
Bd3 Nge7 15. O-O f6 16. Bf4 O-O-O 17. b4 Qb6 18. a4 Rhf8 19. a5 Qc7 20. Qe2 fxe5 21.
Bxe5 Nxe5 22. Nxe5 Nc6 23. Ng6 Rf6 24. a6 b6 25.
Rac1 Kb8 26. Rfe1 Re8 27. b5 Na5 28. Ne5 Nb3 29. Rc2 Nc5 30. c4 d4 31. Bg6 Rd8 32.
Rd2 Rf4 33. f3 Rdf8 34. Kg2 Qd6 35. Kg3 Kc7 36. Red1 Be8 37. Bxe8 Rxf3+ 38. Qxf3 Qxe5+ 39. Kg2 Rxf3 40. Kxf3 Qe3+ 41. Kg2 e5 42. Bg6 e4 43. Rf2 Nd3 44. Rf7+ Kd6 45. Rdf1 Qe2+ 46. Kg3 Ne5 47. R7f4 Qe3+ 48. Kg2 Qe2+ 49. Kg3 e3 50. Rxd4+ Ke7 51.
Rff4 Qe1+ 52. Kg2 Qe2+ 53. Kg3 Qe1+ 54. Kg2 e2 55. Rfe4 Kf6 56. Rf4+ Kg5 57. Rf5+ Kh4 58.
Rxe5 Qf1+ 59. Kh2 Qf2+ 60. Kh1 e1=Q+ 61. Rxe1 Qxe1+ 62. Kg2 Qe2+ 63. Kh1 Qf1+ 64. Kh2 Qf2+ 65. Kh1 Qxd4 66. Bf5 Qxc4 67. Kg2 Qe2+ 68. Kg1 Kg3 0-1

[Event "*** Titled Tuesday Blitz"]
[Site "Chess.com"]
[Date "2021.03.16"]
[Round "1"]
[White "827883"]
[Black "davidkalashian"]
[Result "0-1"]
[WhiteElo "2244"]
[BlackElo "2571"]
[TimeControl "180+1"]
[EndTime "10:08:22 PDT"]
[Termination "davidkalashian won on time"]

1. e4 c6 2. c4 g6 3. d4 Bg7 4.
Nf3 d6 5. Nc3 Bg4 6. Be2 Qb6 7.
O-O Bxf3 8. Bxf3 Qxd4 9. Qb3 Qb6 10. Qc2 Nd7 11. Be3 Qc7 12. Rad1 Ngf6 13. h3 O-O 14.
Be2 a6 15. a4 Rfc8 16. b4 b5 17. a5 Rab8 18. Rb1 Ne5 19. c5 Ned7 20. Rfd1 dxc5 21.
bxc5 Qxa5 22. Bf3 Qc7 23. Ne2 Ne5 24. Bf4 Nxf3+ 25. gxf3 e5 26. Bg5 Nh5 27. Rd2 h6 28. Be3 Nf4 29. Bxf4 exf4 30. Rbd1 Qe5 31. Qb3 Qxc5 32.
Rd7 Qg5+ 33. Kh2 Rf8 34. Rg1 Qh4 35. Rg2 a5 36. Nd4 a4 37. Qa2 b4 38. Qc4 b3 39.
Nxc6 b2 40. Ne7+ Kh7 41. Nxg6 fxg6 42. Qc7 Qf6 43. e5 Qf7 44. Rxf7 Rg8 45. Qxb8 Rxb8 46. e6 b1=Q 47. e7 Qb5 48. Rg1 Re8 49. Re1 Qd7 50.
Rxf4 a3 51. Re2 Rxe7 0-1

[Event "*** Titled Tuesday Blitz"]
[Site "Chess.com"]
[Date "2021.03.16"]
[Round "1"]
[White "ARTHURMOTIVATOR"]
[Black "Szparu"]
[Result "1-0"]
[WhiteElo "2363"]
[BlackElo "2647"]
[TimeControl "180+1"]
[EndTime "10:08:28 PDT"]
[Termination "ARTHURMOTIVATOR won by resignation"]

1. e4 c5 2. b3 d6 3. Bb2 Nc6 4.
Bb5 Bd7 5. f4 Nf6 6. d3 Qa5+ 7.
Nc3 a6 8. Bxc6 Bxc6 9. Nf3 e6 10. O-O Be7 11. Qe1 b5 12. e5 Nd5 13. Nxd5 Qxe1 14.
Nc7+ Kd7 15. Raxe1 Kxc7 16. exd6+ Bxd6 17. Bxg7 Rhg8 18. Be5 Rg4 19. g3 Bb7 20. Bxd6+ Kxd6 21. Ne5 Rg7 22. f5 f6 23. Nf3 e5 24. Nd2 Kc6 25. Ne4 Rf8 26. Kf2 Kb6 27. Ke3 Bd5 28. Ra1 a5 29. a3 Kc6 30. Rab1 b4 31. axb4 cxb4 32. Ra1 Kb6 33. Ra2 Rc7 34. Rfa1 Bxe4 35. dxe4 Rc5 36.
Rd1 Rc3+ 37. Ke2 Rfc8 38. Rd6+ Kb7 39. Rxa5 Rxc2+ 40. Kf3 R8c3+ 41. Kg4 Rxb3 42. Rxf6 Rbb2 43. Rxe5 Rc7 44. Rb5+ Ka7 45. e5 Rc4+ 46. Kg5 Rxh2 47. e6 Rg2 48. Rf7+ Ka6 49. Rbb7 Rxg3+ 50. Kf6 b3 51.
Ra7+ Kb5 52. Rfb7+ Kc6 53. Rc7+ Kd5 54. Rxc4 Kxc4 55.
e7 Re3 56. Kf7 b2 57. Rb7 Kc3 58. f6 h5 59. e8=Q Rxe8 60. Kxe8 h4 61. f7 Kc2 62. f8=Q b1=Q 63. Qf5+ 1-0

[Event "*** Titled Tuesday Blitz"]
[Site "Chess.com"]
[Date "2021.03.16"]
[Round "1"]
[White "MasterKroket"]
[Black "mishanick"]
[Result "0-1"]
[WhiteElo "2494"]
[BlackElo "3015"]
[TimeControl "180+1"]
[EndTime "10:08:30 PDT"]
[Termination "mishanick won by resignation"]

1. d4 Nf6 2. c4 e6 3. Nf3 b6 4.
a3 Ba6 5. Qc2 Bb7 6. Nc3 c5 7.
dxc5 Bxc5 8. Bf4 Nc6 9. e3 O-O 10. Rd1 Rc8 11. Be2 h6 12. O-O Nh5 13. Bd6 Bxd6 14. Rxd6 Ne7 15. Rfd1 Nf6 16. e4 Bc6 17. b4 Rc7 18. e5 Ne8 19. R6d4 Qc8 20. Qd3 f5 21. exf6 Nxf6 22. Ne5 Nf5 23. Rf4 d5 24. Nxc6 Rxc6 25. b5 Rc5 26. Nxd5 Nxd5 27. cxd5 Rxd5 28.
Qb1 Qc5 29. Bc4 Re5 30. Ba2 Rf6 31. Rc1 Qxa3 32. Rc8+ Kh7 33. g4 Rg6 34. Kh1 Qh3 35. Qg1 h5 36. g5 Rxb5 37. Bb1 Rb2 38. Rf8 Rb5 39. Bxf5 exf5 40. Qe1 Rd5 41. Re8 Qd3 42. Re3 Qd1 43. Kg2 Qxe1 44. Rxe1 Rxg5+ 45. Kf3 Rg6 46. Re7 Rgd6 47. Rxa7 Kh6 48. Rb4 Rd3+ 49. Kg2 R3d4 50.
Rb5 Rg6+ 51. Kf3 Rd3+ 52. Ke2 Rh3 53. Rxf5 Rxh2 54. Rb7 Re6+ 55. Kf3 g6 56. Rff7 Rh4 57. Kg3 Rg4+ 58. Kf3 Kg5 59. Rfc7 Rf6+ 60. Ke2 Rgf4 61. f3 Rxf3 62. Rc4 Rf2+ 63. Ke3 R2f5 64. Rb4 h4 65. R7xb6 Rxb6 66. Rxb6 h3 67. Rb8 Kg4 68. Rh8 Rh5 0-1

[Event "*** Titled Tuesday Blitz"]
[Site "Chess.com"]
[Date "2021.03.16"]
[Round "1"]
[White "Problematique_99"]
[Black "Fandorine"]
[Result "1/2-1/2"]
[WhiteElo "2470"]
[BlackElo "2884"]
[TimeControl "180+1"]
[EndTime "10:08:37 PDT"]
[Termination "Game drawn by repetition"]

1. Nf3 Nf6 2. g3 b6 3. Bg2 Bb7 4. O-O g6 5. c4 Bg7 6. Nc3 O-O 7.
d4 Ne4 8. Nxe4 Bxe4 9. Be3 d6 10. Qd2 Nd7 11. Bh6 c5 12. Bxg7 Kxg7 13. Qe3 Nf6 14.
Rfd1 Qc7 15. Rac1 Rac8 16. b3 a6 17. Ne1 Bf5 18. h3 h5 19. Nf3 Be4 20. Ne1 Qb7 21.
Bxe4 Qxe4 22. Qxe4 Nxe4 23. Kg2 Rb8 24. f3 Nf6 25. e4 cxd4 26. Rxd4 Rfc8 27. Rdd1 Nd7 28. Nd3 Nc5 29. Nxc5 Rxc5 30. Rd5 Rc7 31. Rcd1 b5 32. cxb5 Rxb5 33. R1d2 Rxd5 34. exd5 Kf6 35. f4 Kf5 36.
Re2 h4 37. gxh4 Kxf4 38. Rf2+ Ke5 39. Rxf7 Kxd5 40. Rg7 Rc2+ 41. Kg3 Rxa2 42. Rxg6 Rb2 43. h5 Rxb3+ 44. Kg4 Rb8 45. h6 e5 46. Rg7 e4 47.
h7 Rh8 48. Ra7 Kd4 49. Rxa6 Rxh7 50. Rxd6+ Ke5 51. Rd8 Rg7+ 52. Kh5 e3 53. Re8+ Kf4 54. h4 Rg2 55. Kh6 e2 56. h5 Kf3 57. Kh7 Rg4 58.
Rxe2 Kxe2 59. h6 Kf3 60. Kh8 Kf4 61. h7 Kg5 62. Kg7 Kh5+ 63. Kf7 Rf4+ 64. Kg7 Rg4+ 65. Kf7 Rf4+ 66. Kg7 Rg4+ 1/2-1/2

[Event "*** Titled Tuesday Blitz"]
[Site "Chess.com"]
[Date "2021.03.16"]
[Round "1"]
[White "XDPS"]
[Black "CakeinSpace2002"]
[Result "1-0"]
[WhiteElo "2807"]
[BlackElo "2430"]
[TimeControl "180+1"]
[EndTime "10:08:46 PDT"]
[Termination "XDPS won on time"]

1. e4 c5 2. Nf3 d6 3. Bb5+ Nd7 4. O-O Nf6 5. Re1 e5 6. c3 a6 7.
Bxd7+ Bxd7 8. d4 Qc7 9. Na3 b5 10. Bg5 Be7 11. Nc2 O-O 12. Ne3 Be6 13. dxe5 dxe5 14.
Bxf6 Bxf6 15. Nd5 Bxd5 16. Qxd5 Rfd8 17. Qb3 c4 18. Qc2 Be7 19. a4 Bc5 20. Red1 f6 21.
Rxd8+ Rxd8 22. Rd1 Rxd1+ 23. Qxd1 Qd6 24. Qa1 b4 25. Qf1 Qe6 26. Nd2 bxc3 27. bxc3 Qb6 28. g3 h6 29. Kg2 Kh7 30. Nxc4 Qb3 31. Qd3 Qxa4 32. Nd2 Qa2 33. h4 a5 34. f3 a4 35.
Kh3 Qe6+ 36. g4 a3 37. c4 Qb6 38. Nb3 Qb4 39. Qc2 Bd4 40. c5 a2 41. Qxa2 Bxc5 42.
Qc2 Bd4 43. Nc1 Qe1 44. Nd3 Qf1+ 45. Kg3 Qg1+ 46. Qg2 Qxg2+ 47. Kxg2 g6 48. Nb4 Kg7 49. Nd5 Bb2 50. h5 Bd4 51. hxg6 Kxg6 52. Kh3 h5 53. Ne7+ Kf7 54. Nf5 hxg4+ 55. Kxg4 Bc3 56. Ne3 Ke6 57. Kh5 Ba1 58. Kg6 Bd4 59. Ng4 Ba1 60. Nxf6 Bd4 61.
Ng4 Ba1 62. Nh6 Bd4 63. Nf5 Ba1 64. Ng7+ Kd6 65. Kf5 Bd4 66. Ne8+ Kc5 67. Nf6 Kc4 68. Ng4 1-0

[Event "*** Titled Tuesday Blitz"]
[Site "Chess.com"]
[Date "2021.03.16"]
[Round "1"]
[White "Niktlt"]
[Black "GigaQuparadze"]
[Result "0-1"]
[WhiteElo "2481"]
[BlackElo "2954"]
[TimeControl "180+1"]
[EndTime "10:08:55 PDT"]
[Termination "GigaQuparadze won by resignation"]

1. c4 c5 2. Nc3 Nc6 3. g3 g6 4.
Bg2 Bg7 5. Nf3 d6 6. O-O e6 7.
d3 Nge7 8. Rb1 O-O 9. a3 a5 10. Bd2 d5 11. Qc1 b6 12. Bh6 Bb7 13.
Bxg7 Kxg7 14. b4 axb4 15. axb4 Nxb4 16. d4 dxc4 17. dxc5 bxc5 18. Rd1 Qc7 19. h4 h5 20. Nb5 Qb6 21. Nd6 Bd5 22. Nxc4 Bxc4 23. Qxc4 Rad8 24. Ng5 Ned5 25. Rdc1 Rc8 26. e4 Nf6 27. Qc3 Qa7 28. Ra1 Qe7 29. Ra5 Rfd8 30. Bf3 Rd3 31. Qe5 Rdd8 32.
Rc4 Nd3 33. Qc3 Qc7 34. Qa1 Rb8 35. Ra7 Rb7 36. Rca4 Ne5 37. Rxb7 Nxf3+ 38. Nxf3 Qxb7 39. Ng5 Rd7 40. Kg2 Qb5 41. Ra7 Qc6 42. Rxd7 Qxd7 43. Qc3 Qd4 44. Qxd4 cxd4 45. Kf3 Nd7 46. Ke2 e5 47. f4 f6 48. Nf3 Kf7 49. Kd3 Ke6 50.
Kc4 Nb6+ 51. Kd3 Na4 52. Nd2 Nc5+ 53. Kc4 Kd6 54. f5 gxf5 55. exf5 Nd7 56. Ne4+ Ke7 57. Kd5 Nb6+ 58. Kc5 Na4+ 59. Kb4 Nb2 60. Kb3 Nd1 61.
g4 Ne3 62. gxh5 Nxf5 63. Kc4 Ke6 64. Kd3 Nh6 65. Nc5+ Kd5 66. Nd7 e4+ 67. Ke2 f5 68. Nb6+ Ke5 69. Nc4+ Kf4 70. Nd6 d3+ 71. Kd2 Kg4 72.
Ne8 Kxh5 73. Ng7+ Kxh4 74. Ne6 Kg4 75. Nd8 Kf3 76. Nf7 Nxf7 0-1

[Event "*** Titled Tuesday Blitz"]
[Site "Chess.com"]
[Date "2021.03.16"]
[Round "1"]
[White "kreonx"]
[Black "elohunter1999"]
[Result "1/2-1/2"]
[WhiteElo "2319"]
[BlackElo "2624"]
[TimeControl "180+1"]
[EndTime "10:09:08 PDT"]
[Termination "Game drawn by repetition"]

1. e4 c6 2. d4 d5 3. exd5 cxd5 4. Bd3 Nc6 5. c3 Qc7 6. h3 Nf6 7. Nf3 g6 8. O-O Bf5 9. Re1 Bxd3 10. Qxd3 Bg7 11. Ne5 e6 12. Bf4 Qb6 13. Nxc6 bxc6 14. Nd2 O-O 15. b4 a5 16. Bd6 Rfd8 17. Bc5 Qc7 18.
a3 Nd7 19. Nb3 a4 20. Nd2 Nxc5 21. bxc5 Rdb8 22. Rab1 Rxb1 23. Qxb1 Rb8 24. Qc2 Qa5 25. f4 h5 26. h4 Bf8 27. Kf2 Bxc5 28. dxc5 Qxc5+ 29. Ke2 Qxa3 30. Rb1 Rb5 31. c4 Rxb1 32. Qxb1 Qg3 33.
Qb8+ Kh7 34. Nf3 Qxg2+ 35. Ke3 Qg3 36. Ke2 f6 37. Qc7+ Kh6 38. Qd8 Kg7 39. Qe7+ Kg8 40. Qxe6+ Kg7 41. Qe7+ Kg8 42. Qd8+ Kh7 43. Qc7+ Kh6 44.
cxd5 cxd5 45. Qd8 Kg7 46. Qd7+ Kh6 47. Qe8 Kg7 48. Qe7+ Kg8 49. Qxf6 a3 50. Qd8+ Kh7 51. Qd7+ Kg8 52. Qd8+ Kg7 53. Qe7+ Kg8 54. Qe6+ Kg7 55. Ng5 Qg4+ 56. Ke3 Qxe6+ 57. Nxe6+ Kf6 58. Nd4 a2 59. Nc2 Kf5 60. Kf3 Ke6 61. Ke2 Kf6 62. Ke3 Kf5 63.
Kf3 Ke6 64. Ke3 d4+ 65. Nxd4+ Kd5 66. Nc2 Kc4 67. Ke4 Kc3 68. Na1 Kb2 69. Kd3 Kb1 70. Kd2 Kb2 71. Nc2 Kb1 72. Kd1 Kb2 73. Kd2 Kb3 74.
Na1+ Kb2 75. Kd3 Kb1 76. Kd2 Kb2 1/2-1/2

[Event "*** Titled Tuesday Blitz"]
[Site "Chess.com"]
[Date "2021.03.16"]
[Round "1"]
[White "Artem_Sadovsky"]
[Black "Myshakov_Fedor"]
[Result "0-1"]
[WhiteElo "2605"]
[BlackElo "2348"]
[TimeControl "180+1"]
[EndTime "10:09:56 PDT"]
[Termination "Myshakov_Fedor won by checkmate"]

1. Nf3 d5 2. c4 c6 3. b3 Nf6 4. Bb2 Bf5 5. e3 e6 6. Be2 Bb4 7. O-O O-O 8. Nh4 Be4 9. d3 Bg6 10. Nxg6 hxg6 11. Nd2 Nbd7 12. Nf3 Re8 13. d4 Rc8 14. Bd3 Be7 15. Qe2 c5 16. cxd5 Nxd5 17. Rfd1 cxd4 18. Bxd4 Qa5 19. Qb2 Bf6 20. Rac1 Bxd4 21.
Nxd4 N7f6 22. a3 Nc3 23. Qd2 b6 24. Re1 e5 25. Nb5 Nxb5 26. Qxa5 bxa5 27. Bxb5 Red8 28.
Bc4 Ne4 29. Red1 Nd2 30. h3 Nxc4 31. Rxd8+ Rxd8 32. bxc4 Kf8 33. c5 Ke7 34. Rb1 a6 35. Rb6 Rc8 36. c6 Ra8 37. c7 Rc8 38. Rxa6 Rxc7 39.
Rxa5 Ke6 40. g4 g5 41. Kg2 f6 42. Kf3 Rc2 43. Ra7 g6 44. a4 Ra2 45. a5 f5 46.
Ra6+ Kf7 47. Ra7+ Kf6 48. Kg3 Ra3 49. Ra6+ Kf7 50. Ra7+ Kf6 51. Ra6+ Kf7 52. Ra8 e4 53. Kg2 Ra2 54. a6 f4 55. exf4 gxf4 56. a7 Kg7 57.
Re8 Rxa7 58. Rxe4 g5 59. Re6 Ra3 60. Rd6 Rb3 61. Rc6 Ra3 62. Re6 Rb3 63. Ra6 Rc3 64. Ra4 Kg6 65. Ra6+ Kg7 66. Ra5 Kg6 67. Rf5 Ra3 68. h4 gxh4 69. Rxf4 Kg5 70. Re4 h3+ 71. Kg1 Kh4 72. Rd4 Rb3 73. Kh2 Rb2 74. Rf4 Ra2 75. Kh1 Kg5 76. Re4 Kh4 77. Kg1 Rb2 78. f3 Kg3 79. Kf1 Rb1+ 80. Ke2 h2 81. g5 h1=Q 82. Rg4+ Kh3 83. Ke3 Qe1+ 84. Kf4 Rb4+ 85. Kf5 Rxg4 86.
f4 Rg3 87. g6 Qg1 88. g7 Rg6 89. g8=Q Qg4+ 90. Ke5 Rg7 91. Qh8+ Kg3 92. Qa8 Qxf4+ 93. Kd5 Rg5+ 94. Ke6 Qf5+ 95. Ke7 Rg7+ 96. Kd6 Rg6+ 97. Ke7 Qe6+ 98. Kf8 Rg8# 0-1

[Event "*** Titled Tuesday Blitz"]
[Site "Chess.com"]
[Date "2021.03.16"]
[Round "2"]
[White "sokidze"]
[Black "eightbyeightchess"]
[Result "1-0"]
[WhiteElo "2709"]
[BlackElo "2373"]
[TimeControl "180+1"]
[EndTime "10:13:03 PDT"]
[Termination "sokidze won by resignation"]

1. e4 e6 2. d4 d5 3. Nd2 Nf6 4. e5 Nfd7 5. Bd3 c5 6. c3 Nc6 7. Ne2 cxd4 8. cxd4 f6 9. exf6 Nxf6 10. O-O Qc7 11. Nf3 Bd6 12. h3 O-O 13. Be3 Bd7 14.
Nc3 a6 15. Re1 Be8 16. Ng5 e5 17. dxe5 Nxe5 18. Ne6 Qf7 19. Nxf8 Qxf8 20. Bd4 Bh5 21. Be2 Re8 22. Bxh5 Nxh5 23. Qxh5 1-0

[Event "*** Titled Tuesday Blitz"]
[Site "Chess.com"]
[Date "2021.03.16"]
[Round "2"]
[White "Reader777"]
[Black "Trickov"]
[Result "1-0"]
[WhiteElo "2734"]
[BlackElo "2383"]
[TimeControl "180+1"]
[EndTime "10:13:04 PDT"]
[Termination "Reader777 won by resignation"]

1. d4 d5 2. c4 c6 3. Nf3 Nf6 4. g3 dxc4 5. Bg2 Bf5 6. O-O e6 7. Ne5 Be7 8. Nc3 O-O 9. Nxc4 Nbd7 10. e4 Bg6 11. Be3 b5 12. Nd2 Nb6 13. a3 Rc8 14. Rc1 a6 15. Qe2 c5 16. dxc5 Bxc5 17. Bxc5 Rxc5 18.
e5 Nfd5 19. Nce4 Qe7 20. Nxc5 1-0

[Event "*** Titled Tuesday Blitz"]
[Site "Chess.com"]
[Date "2021.03.16"]
[Round "2"]
[White "katchesskat"]
[Black "Rakesh"]
[Result "0-1"]
[WhiteElo "2290"]
[BlackElo "2509"]
[TimeControl "180+1"]
[EndTime "10:13:33 PDT"]
[Termination "Rakesh won by resignation"]

1. c4 Nf6 2. Nf3 Nc6 3. a3 e5 4.
Qc2 e4 5. Ng5 d5 6. cxd5 Qxd5 7.
e3 Qxg5 8. b4 Be7 9. Bb2 O-O 10.
h4 Qg6 11. b5 Nd8 12. Qxc7 Re8 13. Be2 Qxg2 14. Rh2 Qg1+ 15. Bf1 Ne6 16. Qe5 Ng4 17. Rg2 Nxe5 18. Bxe5 Qh1 19. Nc3 Qxh4 20. Be2 Bf6 21. Rh2 Qg5 22. Bf4 Nxf4 0-1

[Event "*** Titled Tuesday Blitz"]
[Site "Chess.com"]
[Date "2021.03.16"]
[Round "2"]
[White "zmeeed67"]
[Black "frequentblunders"]
[Result "1-0"]
[WhiteElo "2408"]
[BlackElo "2052"]
[TimeControl "180+1"]
[EndTime "10:13:49 PDT"]
[Termination "zmeeed67 won by resignation"]

1. d4 e6 2. c4 c5 3. d5 exd5 4. cxd5 f5 5. Nc3 Nf6 6. Nf3 d6 7. g3 g6 8. Bg2 Bg7 9. O-O O-O 10. Bf4 a6 11. Ng5 Re8 12. Ne6 Qe7 13. a4 h6 14.
Re1 g5 15. Nxg7 Kxg7 16. Bd2 Nbd7 17. e4 Ne5 18. exf5 Bxf5 19. f4 gxf4 20. gxf4 Bg4 21. Qc2 1-0

[Event "*** Titled Tuesday Blitz"]
[Site "Chess.com"]
[Date "2021.03.16"]
[Round "2"]
[White "Aleksandar-Topalov"]
[Black "anon102030"]
[Result "0-1"]
[WhiteElo "2381"]
[BlackElo "2708"]
[TimeControl "180+1"]
[EndTime "10:13:50 PDT"]
[Termination "anon102030 won by resignation"]

1. b3 e5 2. Bb2 Nc6 3. c4 g6 4.
Nc3 Bg7 5. g3 d6 6. Bg2 Be6 7.
a3 Nf6 8. Nd5 Bxd5 9. cxd5 Ne7 10.
e4 c6 11. dxc6 Nxc6 12. Ne2 O-O 13. O-O d5 14. d3 Re8 15. b4 a6 16. Rc1 Rc8 17.
Nc3 dxe4 18. dxe4 Nd4 19. Nd5 Rxc1 20. Bxc1 Nxd5 21. exd5 e4 22. Be3 Qxd5 23. Bxd4 Qxd4 24. Qxd4 Bxd4 25. Re1 f5 26. Rd1 Bb2 27. a4 Re7 28. f3 e3 29. Kf1 e2+ 0-1

[Event "*** Titled Tuesday Blitz"]
[Site "Chess.com"]
[Date "2021.03.16"]
[Round "2"]
[White "FILI86"]
[Black "Pantata007"]
[Result "0-1"]
[WhiteElo "2556"]
[BlackElo "2339"]
[TimeControl "180+1"]
[EndTime "10:13:51 PDT"]
[Termination "Pantata007 won by resignation"]

1. d4 d5 2. Nf3 Nf6 3. c4 c6 4.
Nc3 e6 5. Bg5 dxc4 6. e3 b5 7.
a4 Bb4 8. Be2 a6 9. O-O Bb7 10.
Qc2 Nbd7 11. b3 Bxc3 12. Qxc3 Ne4 13. Bxd8 Nxc3 14. Ba5 Nxe2+ 15. Kh1 cxb3 16. Rfe1 Nxd4 17. exd4 c5 18. dxc5 Nxc5 19. axb5 axb5 20. Bb4 Nd3 21. Rxa8+ Bxa8 22. Ra1 Bxf3 23. gxf3 Nxb4 0-1

[Event "*** Titled Tuesday Blitz"]
[Site "Chess.com"]
[Date "2021.03.16"]
[Round "2"]
[White "Aygehovit1992"]
[Black "lukazz029"]
[Result "1-0"]
[WhiteElo "2633"]
[BlackElo "2220"]
[TimeControl "180+1"]
[EndTime "10:13:57 PDT"]
[Termination "Aygehovit1992 won by resignation"]

1. e4 c5 2. Nf3 d6 3. d4 cxd4 4. Nxd4 Nf6 5. Nc3 a6 6. Bg5 e6 7. f4 Qc7 8. Qf3 Be7 9. O-O-O Nc6 10. Nxc6 bxc6 11. e5 dxe5 12. fxe5 Nd5 13. Bxe7 Qxe7 14. Ne4 O-O 15. a3 Rb8 16. c4 Nb6 17. Bd3 Na4 18.
Rd2 c5 19. Nf6+ Kh8 20. Qe4 g6 21. Qh4 h5 22. Qg5 1-0

[Event "*** Titled Tuesday Blitz"]
[Site "Chess.com"]
[Date "2021.03.16"]
[Round "2"]
[White "aljado"]
[Black "Zhigalko_Sergei"]
[Result "0-1"]
[WhiteElo "2129"]
[BlackElo "2937"]
[TimeControl "180+1"]
[EndTime "10:14:01 PDT"]
[Termination "Zhigalko_Sergei won by resignation"]

1. e4 c5 2. Nf3 Nc6 3. d4 cxd4 4. Nxd4 Nf6 5. Nc3 e5 6. Ndb5 d6 7. Nd5 Nxd5 8. exd5 Nb8 9. Qf3 Be7 10. c4 O-O 11. Qa3 f5 12. Be3 a6 13. f3 Rf6 14. Bd3 Nd7 15. Bg5 Rg6 16. Bxe7 Qxe7 17. Bxf5 Rxg2 18. Be6+ Kh8 19. Nxd6 Qh4+ 20. Kd1 Qd4+ 21. Kc1 Qd2+ 0-1

[Event "*** Titled Tuesday Blitz"]
[Site "Chess.com"]
[Date "2021.03.16"]
[Round "2"]
[White "ellennilssen"]
[Black "Thee-Chessboy"]
[Result "0-1"]
[WhiteElo "2281"]
[BlackElo "2497"]
[TimeControl "180+1"]
[EndTime "10:14:22 PDT"]
[Termination "Thee-Chessboy won by resignation"]

1. g4 d5 2. Bg2 c6 3. c4 dxc4 4. Qc2 Bxg4 5. Qxc4 Be6 6. Qc2 Nf6 7. Nc3 g6 8. Nf3 h6 9. d4 Bg7 10. Bf4 Na6 11. a3 Qa5 12. O-O Qf5 13. Bg3 Qxc2 14.
Rac1 Qxb2 15. e4 O-O 16. h4 Qxa3 17. e5 Nd5 18. Ne4 Bf5 19. Ned2 Bd3 20. Rfe1 Rfd8 21. h5 g5 22. Nh2 Nab4 23. Ng4 a5 24. Ne4 Bxe4 25.
Bxe4 a4 26. Ra1 Qb2 0-1

[Event "*** Titled Tuesday Blitz"]
[Site "Chess.com"]
[Date "2021.03.16"]
[Round "2"]
[White "Speed-O-Sonic"]
[Black "mitrabhaa"]
[Result "0-1"]
[WhiteElo "2355"]
[BlackElo "2696"]
[TimeControl "180+1"]
[EndTime "10:14:29 PDT"]
[Termination "mitrabhaa won by resignation"]

1. d4 Nf6 2. Bg5 c5 3. d5 b5 4.
Bxf6 gxf6 5. e4 b4 6. f4 Bb7 7. Nf3 d6 8. Bb5+ Nd7 9. e5 fxe5 10. fxe5 Qb6 11. Bxd7+ Kxd7 12. Ng5 dxe5 13. Qg4+ Ke8 14. O-O Rg8 15. Qf5 Qg6 16. g3 Qxf5 17. Rxf5 Bc8 18. Rxe5 f6 0-1

[Event "*** Titled Tuesday Blitz"]
[Site "Chess.com"]
[Date "2021.03.16"]
[Round "2"]
[White "CSB7"]
[Black "ChrisTool2"]
[Result "1-0"]
[WhiteElo "2602"]
[BlackElo "2339"]
[TimeControl "180+1"]
[EndTime "10:14:33 PDT"]
[Termination "CSB7 won by resignation"]

1. d4 Nf6 2. Bf4 d5 3. e3 c5 4. c3 e6 5. Nf3 Be7 6. Nbd2 O-O 7.
Bd3 b6 8. Ne5 Nfd7 9. h4 Nxe5 10. dxe5 Ba6 11. Nf3 Bxd3 12. Qxd3 Qc8 13. Ng5 Bxg5 14.
hxg5 g6 15. e4 dxe4 16. Qh3 h5 17. g4 Qa6 18. gxh5 Qd3 19. Be3 Rd8 20. hxg6 Kf8 21.
Qh8+ Ke7 22. Qf6+ Kd7 23. gxf7 Nc6 24. Rd1 c4 25. g6 Kc7 26. Rxd3 cxd3 27. g7 1-0

[Event "*** Titled Tuesday Blitz"]
[Site "Chess.com"]
[Date "2021.03.16"]
[Round "2"]
[White "Gloomy_Wanderer"]
[Black "GM4life"]
[Result "1-0"]
[WhiteElo "2680"]
[BlackElo "2319"]
[TimeControl "180+1"]
[EndTime "10:14:36 PDT"]
[Termination "Gloomy_Wanderer won by resignation"]

1. d4 Nf6 2. Nf3 d5 3. c4 e6 4. g3 Be7 5. Bg2 O-O 6. O-O dxc4 7. Ne5 Nc6 8. Nxc6 bxc6 9. Na3 Bxa3 10. bxa3 Ba6 11.
Qd2 Rb8 12. Qa5 Qc8 13. a4 Rd8 14. Rd1 Nd5 15. Ba3 Rb6 16. e4 Nf6 17. Be7 Rd7 18. Bc5 Qb7 19. Bxb6 cxb6 20. Qc3 b5 21. Rab1 Qc7 22.
axb5 cxb5 23. a4 bxa4 24. Rb4 e5 25. Rxa4 exd4 26. Rxd4 Rxd4 27. Qxd4 c3 28. Ra1 c2 29. Rc1 Be2 30. Rxc2 1-0